 Dungeon Crawl Stone Soup version 0.29.1-2-gbd0b4ee654 (webtiles) character file.

Game seed: 16019167550193239729

52488 LustLizard the Marksspriggan (level 14, -19/75 HPs)
             Began as a Spriggan Arcane Marksman on Oct 29, 2022.
             Was a High Priest of Dithmenos.
             Killed from afar by a fire dragon (61 damage)
             ... with a blast of flame
             ... on level 5 of the Lair of Beasts on Oct 30, 2022.
             The game lasted 00:54:45 (24805 turns).

LustLizard the Marksspriggan (SpAM)                Turns: 24805, Time: 00:54:45

Health: -19/75     AC:  7    Str: 10    XL:     14   Next: 27%
Magic:  12/12      EV: 34    Int: 21    God:    Dithmenos [*****.]
Gold:   909        SH:  0    Dex: 28    Spells: 10/21 levels left

rFire   . . .      SeeInvis +   S - +0 arbalest (flame)
rCold   + . .      Faith    .   (shield currently unavailable)
rNeg    . . .      Spirit   .   Y - +4 robe of Augmentation {Str+4 Int+4 Dex+4}
rPois   +          Reflect  .   (helmet restricted)
rElec   .          Harm     .   F - +0 cloak of Xaidivvi {rC+ MP-9 Dex+6}
rCorr   .          Rampage  .   (gloves unavailable)
Will    ++...                   (boots unavailable)
Stlth   ++++++....              E - amulet of the acrobat
HPRegen 0.22/turn               P - ring of poison resistance
MPRegen 0.13/turn               d - ring of wizardry

@: acrobatic, wreathed by umbra, slow
A: very small, no large weapons, unfitting armour, see invisible, speed 3
a: Renounce Religion, Shadow Step, Shadow Form


You were on level 5 of the Lair of Beasts.
You worshipped Dithmenos.
Dithmenos was extremely pleased with you.
You visited 3 branches of the dungeon, and saw 17 of its levels.
You also visited: Sewer, Ossuary and Bailey.

You collected 1649 gold pieces.
You spent 740 gold pieces at shops.

Inventory:

Hand Weapons
 S - a +0 arbalest of flaming (weapon)
Missiles
 c - 2 throwing nets
 r - 39 poisoned darts
Armour
 F - the +0 cloak of Xaidivvi (worn) {rC+ MP-9 Dex+6}
   (You found it on level 5 of the Dungeon)

   Dex:       It affects your dexterity (+6).
   rC:        It protects you from cold.
   MP:        It affects your magic capacity (-9).
 Y - the +4 robe of Augmentation (worn) {Str+4 Int+4 Dex+4}
   (You bought it in a shop on level 10 of the Dungeon)

   Str:       It affects your strength (+4).
   Int:       It affects your intelligence (+4).
   Dex:       It affects your dexterity (+4).
Jewellery
 a - a +4 ring of protection
 d - a ring of wizardry (right hand)
 k - a ring of resist corrosion
 o - a ring of fire
 q - a +6 ring of strength
 E - an amulet of the acrobat (around neck)
 I - a +6 ring of intelligence
 P - a ring of poison resistance (left hand)
 Q - a ring of positive energy
 V - a +6 ring of intelligence
Wands
 e - a wand of roots (1)
 J - a wand of charming (36)
 M - a wand of acid (7)
 T - a wand of mindburst (14)
 U - a wand of flame (9)
Scrolls
 b - 3 scrolls of poison
 f - 8 scrolls of teleportation
 h - 5 scrolls of noise
 j - 2 scrolls of enchant weapon {unknown}
 n - 2 scrolls of torment {unknown}
 s - 7 scrolls of blinking
 t - a scroll of summoning {unknown}
 u - 3 scrolls of magic mapping
 v - a scroll of fog {unknown}
 x - 4 scrolls of immolation
 y - a scroll of identify
 D - a scroll of vulnerability {unknown}
 G - 4 scrolls of enchant armour {unknown}
 K - a scroll of amnesia {unknown}
 O - a scroll of fear
 R - a scroll of silence
 X - a scroll of acquirement
 Z - 3 scrolls of brand weapon
Potions
 g - 3 potions of heal wounds
 i - 18 potions of curing
 l - 3 potions of berserk rage
 m - 4 potions of flight
 p - 4 potions of ambrosia
 w - 4 potions of brilliance
 z - 2 potions of invisibility
 A - 3 potions of mutation
 B - 9 potions of magic
 C - 7 potions of cancellation
 H - 6 potions of attraction
 L - 4 potions of might
 N - 3 potions of haste
 W - a potion of resistance


   Skills:
 + Level 9.1 Fighting
 * Level 17.5 Ranged Weapons
 - Level 2.6 Dodging
 + Level 16.2 Stealth
 - Level 4.0 Spellcasting
 - Level 4.0 Hexes
 - Level 2.5 Fire Magic
 + Level 5.0 Invocations
 + Level 9.8 Evocations


You had 10 spell levels left.
You knew the following spells:

 Your Spells              Type           Power      Damage    Failure   Level
a - Slow                  Hex            84%        N/A       1%          1
b - Inner Flame           Hex/Fire       17%        N/A       4%          3
c - Portal Projectile     Hex/Tloc       24%        N/A       6%          3
d - Cause Fear            Hex            10%        N/A       9%          4

Your spell library contained the following spells:

 Spells                   Type           Power      Damage    Failure   Level
 Confusing Touch          Hex            21%        N/A       2%          3
 Beastly Appendage        Tmut           8%         N/A       4%          1
 Dazzling Flash           Conj/Hex       24%        N/A       6%          3
 Summon Guardian Golem    Hex/Summ       12%        N/A       6%          3
 Sublimation of Blood     Necr           4%         N/A       8%          2
 Wereblood                Tmut           4%         N/A       8%          2
 Conjure Flame            Conj/Fire      9%         6-21      9%          3
 Ignite Poison            Fire/Tmut/Pois 7%         N/A       11%         3
 Call Canine Familiar     Summ           4%         N/A       14%         3
 Ozocubu's Armour         Ice            4%         N/A       14%         3
 Spider Form              Tmut/Pois      4%         N/A       14%         3
 Vampiric Draining        Necr           4%         2d6       14%         3
 Leda's Liquefaction      Hex/Erth       6%         N/A       21%         4
 Sticky Flame             Conj/Fire      9%         2d3       26%         4
 Corpse Rot               Necr/Pois/Air  4%         N/A       41%         4
 Dispel Undead            Necr           4%         3d7       41%         4
 Metabolic Englaciation   Hex/Ice        6%         N/A       47%         5
 Silence                  Hex/Air        6%         N/A       47%         5
 Agony                    Necr           4%         N/A       75%         5
 Iskenderun's Battlesphe  Conj           4%         2d6       75%         5
 Lee's Rapid Deconstruct  Erth           2%         3d5*      75%         5
 Death Channel            Necr           2%         N/A       99%         6
 Iron Shot                Conj/Erth      2%         9d2       99%         6
 Simulacrum               Ice/Necr       2%         N/A       99%         6
 Statue Form              Tmut/Erth      2%         N/A       99%         6
 Orb of Destruction       Conj           2%         9d5       100%        7
 Spellforged Servitor     Conj/Summ      2%         N/A       100%        7
 Summon Hydra             Summ           2%         N/A       100%        7


Dungeon Overview and Level Annotations

Branches:
Dungeon (11/15)            Temple (1/1) D:5            Lair (5/5) D:10
  Swamp (0/4) Lair:2        Snake (0/4) Lair:2        Slime (0/5) Lair:5
    Orc (0/2) D:11          Sewer (visited)         Ossuary (visited)
 Bailey (visited)

Altars:
Ashenzari
Cheibriados
Dithmenos
Elyvilon
Fedhas
Gozag
Hepliaklqana
Kikubaaqudgha
Makhleb
Nemelex Xobeh
Okawaru
Qazlal
Ru
Sif Muna
Trog
Uskayaw
Vehumet
Wu Jian
Xom
Yredelemnul
Zin
The Shining One
Jiyva

Shops:
D:7 :   D:8 *   D:10 [   D:11 (

Portals:
Abyss: Lair:3

Annotations:
Lair:3 2 transporters, turdburglar's ghost, journeyman TrGl


Innate Abilities, Weirdness & Mutations

You are very small and have problems with some larger weapons.
You are too small for most types of armour.
You have supernaturally acute eyesight. (SInv)
You cover ground extremely quickly. (Speed+++)


Message History

Casting: Slow (safe; 1% risk of failure)
Confirm with . or Enter, or press ? or * to list all spells.
Aiming: Slow (safe; 1% risk of failure)
Press: ? - help, Shift-Dir - straight line, f/p - fire dragon
Aim: a fire dragon (water, wandering, hasn't noticed you, umbra, chance to affect: 26%)
The fire dragon roars deafeningly!
The fire dragon easily resists.
Your shadow mimicks your spell!
The fire dragon resists with almost no effort.
Casting: Slow (safe; 1% risk of failure)
Confirm with . or Enter, or press ? or * to list all spells.
Aiming: Slow (safe; 1% risk of failure)
Press: ? - help, Shift-Dir - straight line, f/p - fire dragon
Aim: a fire dragon (water, umbra, chance to affect: 26%)
The fire dragon easily resists.
The fire dragon breathes flames at you. The blast of flame hits you!
You enter the shallow water.
Moving in this stuff is going to be slow.
You shoot a bolt.
The bolt hits the fire dragon but does no damage.
You enter the shallow water.
Moving in this stuff is going to be slow.
The fire dragon breathes flames at you. The blast of flame hits you!!
You enter the shallow water.
Moving in this stuff is going to be slow.
You enter the shallow water.
Moving in this stuff is going to be slow.
You see here an Everburning Encyclopedia.
Things that are here:
+0 steam dragon scales; a steam dragon skeleton You enter the shallow water.
Moving in this stuff is going to be slow.
You enter the shallow water.
Moving in this stuff is going to be slow.
The fire dragon breathes flames at you. The blast of flame hits you!!!
Ouch! That really hurt!
You die...

..##.............................
..#............................P.
.........^........P.##...#.P..###
....................#####......##
...................### ##.######
.....................# ### #
............#P.~...### ♣♣♣♣♣♣♣♣
..÷...÷.....#♣♣÷~♣♣♣♣♣ ♣♣P.~≈..♣
..........### ♣♣@♣♣♣.♣♣♣♣.~≈≈....
.....÷....## ♣♣§~♣♣...♣...§D≈~..
...........# ♣.§♣♣♣..♣♣.~§♣♣.~~.
...........# ♣.≈♣♣..♣..~♣♣♣.≈.~~
..........## ♣♣~D♣~.♣..÷.♣♣♣.~≈≈
........P..# ♣.[~≈♣♣♣.~≈~♣♣.~≈≈≈
.......##### ♣♣:.~♣♣..≈.♣♣♣.≈≈≈≈
.......# ♣..♣..♣♣D~.♣ .~~~≈≈
....##.# ♣♣.♣♣.≈≈♣.♣♣♣♣..≈≈≈


There were no monsters in sight!

Vanquished Creatures
  Kirke (Lair:3)
  An orc warlord (Bailey)
  Snorg (D:10)
  A fire dragon (Lair:3)
  6 hydras
  4 two-headed ogres
  A swamp dragon (Lair:5)
  The ghost of TheGhostDragon952 the Cleaver, a novice MiBe of Trog (D:7)
  The ghost of nshep25 the Cleaver, a novice MiFi (D:6)
  2 orc knights (Bailey)
  11 elephants
  A moth of wrath (D:7)
  The ghost of Tiocfaidh the Cudgeller, a novice TrFE (D:5)
  5 black mambas
  4 cane toads
  The ghost of Wentworth the Chiller, a novice DgIE (D:5)
  A rime drake (Lair:1)
  Psyche (D:11)
  Maggie (Lair:1)
  8 komodo dragons
  The ghost of styxcanada the Covert, a novice SpBr (D:5)
  2 polar bears (Lair:5)
  12 blink frogs
  5 dream sheep (Lair:5)
  2 shadows
  53 yaks
  2 wyverns
  A wraith (D:8)
  2 fire bats (Lair:2)
  Grum (D:10)
  4 steam dragons
  4 hogs (Lair:3)
  6 basilisks
  4 wargs
  2 two-headed ogre zombies (D:11)
  2 acid dragons
  9 water moccasins
  Edmund (D:4)
  3 hell hounds (Lair:5)
  16 orc warriors
  10 black bears
  4 ice beasts
  2 sky beasts
  4 swamp drakes (Lair:5)
  2 ogres (D:6)
  15 wolves
  5 centaurs
  A phantom (D:11)
  2 kobold brigands (D:11)
  10 bullfrogs
  A gnoll sergeant (D:6)
  A necrophage (D:5)
  2 scorpions
  12 wights
  4 troll zombies (D:11)
  4 killer bees (D:9)
  2 electric eels
  10 howler monkeys
  5 jellies
  4 orc priests
  3 hounds (D:5)
  7 iguanas
  Jessica (D:2)
  12 orc wizards
  2 ogre zombies (D:11)
  8 mummies (Ossuary)
  6 gnolls
  5 adders
  2 shadow imps (D:7)
  2 white imps
  An ufetubus (D:7)
  A worm (D:3)
  4 dart slugs
  39 orcs
  9 ball pythons
  11 endoplasms
  17 giant cockroaches
  16 goblins
  15 hobgoblins
  9 jackals
  14 quokkas
  10 bats
  19 frilled lizards
  3 goblin skeletons (D:11)
  4 goblin zombies (D:11)
  2 hobgoblin skeletons (D:11)
  4 hobgoblin zombies
  17 kobolds
  4 kobold zombies (Ossuary)
  An orc skeleton (D:11)
  15 orc zombies
  4 rats (D:1)
552 creatures vanquished.

Vanquished Creatures (others)
  An angel (D:10)
  A butterfly (D:5)
  10 fungi
  42 plants
  3 withered plants (D:5)
57 creatures vanquished.

Grand Total: 609 creatures vanquished

Notes
Turn   | Place    | Note
-------+----------+-------------------------------------------
     0 | D:1      | LustLizard the Spriggan Arcane Marksman began the quest for
                  | the Orb.
     0 | D:1      | Reached XP level 1. HP: 9/9 MP: 3/3
    81 | D:1      | Reached XP level 2. HP: 13/14 MP: 5/5
    82 | D:1      | Reached skill level 1 in Stealth
    94 | D:1      | Reached skill level 1 in Fighting
   466 | D:1      | Reached XP level 3. HP: 18/18 MP: 6/6
   514 | D:1      | Learned a level 3 spell: Inner Flame
   923 | D:1      | Reached skill level 3 in Ranged Weapons
  1461 | D:2      | Reached XP level 4. HP: 21/22 MP: 7/7
  1599 | D:2      | Noticed Jessica
  1603 | D:2      | Killed Jessica
  2138 | D:3      | Identified the +0 leather armour "Fuocom" {+Blink rElec
                  | Str+3 Int-4}
  2207 | D:3      | Found a glowing drain.
  2274 | Sewer    | Entered a sewer
  2507 | Sewer    | Reached XP level 5. HP: 26/26 MP: 8/8
  2591 | Sewer    | Reached skill level 1 in Fire Magic
  2745 | Sewer    | Reached skill level 4 in Ranged Weapons
  2932 | Sewer    | Reached XP level 6. HP: 21/30 MP: 9/9
  3654 | D:4      | Noticed Edmund
  4081 | D:4      | Identified the +9 flail of the Feeding Gods {holy, rPois
                  | rF+ rC+}
  4408 | D:4      | Reached skill level 5 in Ranged Weapons
  5527 | D:4      | Killed Edmund
  5528 | D:4      | Reached skill level 5 in Stealth
  5528 | D:4      | Reached XP level 7. HP: 14/35 MP: 10/10
  5733 | D:5      | Entered Level 5 of the Dungeon
  5798 | D:5      | Found a bloodstained altar of Trog.
  5858 | D:5      | Found a white marble altar of Elyvilon.
  6122 | D:5      | Noticed a shadow
  6575 | D:4      | Killed a shadow
  6576 | D:4      | Reached skill level 6 in Ranged Weapons
  7193 | D:4      | Reached XP level 8. HP: 40/40 MP: 8/11
  7329 | D:5      | Identified the +0 cloak of Xaidivvi {rC+ MP-9 Dex+6}
  7339 | D:5      | Found a staircase to the Ecumenical Temple.
  7352 | Temple   | Entered the Ecumenical Temple
  7910 | D:5      | Reached skill level 7 in Ranged Weapons
  8292 | D:5      | Found a runed translucent gate.
  8292 | D:5      | Found a runed translucent gate.
  8292 | D:5      | Found a runed translucent gate.
  8297 | D:5      | Noticed styxcanada's ghost (novice SpBr)
  8297 | D:5      | Noticed Tiocfaidh's ghost (novice TrFE)
  8297 | D:5      | Noticed Wentworth's ghost (novice DgIE)
  8862 | D:5      | Killed styxcanada's ghost
  8930 | D:5      | Killed Tiocfaidh's ghost
  8931 | D:5      | Reached skill level 8 in Ranged Weapons
  8931 | D:5      | Reached XP level 9. HP: 23/46 MP: 12/12
  8935 | D:5      | Learned a level 3 spell: Portal Projectile
  9428 | D:5      | Killed Wentworth's ghost
  9647 | D:6      | Reached skill level 5 in Fighting
  9787 | D:6      | Found a stormy altar of Qazlal.
  9891 | D:6      | Reached skill level 9 in Ranged Weapons
 10115 | D:6      | Found a transporter.
 10116 | D:6      | Noticed nshep25's ghost (novice MiFi)
 10117 | D:6      | Found a transporter.
 10117 | D:6      | Identified the +11 dire flail of a wizard's laboratory
                  | {protect, Dex+3}
 10117 | D:6      | Noticed a two-headed ogre
 10760 | D:7      | Found Kufyitt's Book Shop.
 10878 | D:7      | Found a transporter.
 10879 | D:7      | Noticed TheGhostDragon952's ghost (novice MiBe)
 10896 | D:7      | Noticed a moth of wrath
 11006 | D:7      | Reached skill level 10 in Stealth
 11026 | D:7      | Found a transporter.
 11243 | D:7      | Found a sand-covered staircase.
 11251 | Ossuary  | Entered an ossuary
 11925 | D:8      | Found a flagged portal.
 12131 | Bailey   | Entered a bailey
 12620 | Bailey   | Noticed an orc knight
 12746 | Bailey   | Killed an orc knight
 12747 | Bailey   | Reached skill level 10 in Ranged Weapons
 12747 | Bailey   | Reached XP level 10. HP: 32/53 MP: 13/13
 12946 | Bailey   | Noticed an orc knight
 13336 | Bailey   | Killed an orc knight
 13469 | Bailey   | Noticed an orc warlord
 13801 | Bailey   | Reached skill level 11 in Ranged Weapons
 14187 | Bailey   | Reached skill level 14 in Ranged Weapons
 14187 | Bailey   | Reached XP level 11. HP: 58/58 MP: 14/14
 14193 | Bailey   | Learned a level 4 spell: Cause Fear
 14283 | Bailey   | Killed an orc warlord
 14284 | Bailey   | Reached skill level 1 in Evocations
 14466 | D:8      | Found Nomu's General Store.
 15766 | D:9      | Found a shadowy altar of Dithmenos.
 15906 | D:10     | Entered Level 10 of the Dungeon
 15906 | D:10     | Found a glowing silver altar of Zin.
 15908 | D:10     | Noticed an angel
 15913 | D:10     | Found a shimmering altar of Xom.
 15913 | D:10     | Noticed Snorg
 15936 | D:10     | Killed Snorg
 16007 | D:10     | Found Isoqaej's Armour Shoppe.
 16016 | D:10     | Bought the +4 robe of Augmentation {Str+4 Int+4 Dex+4} for
                  | 740 gold pieces
 16016 | D:10     | Found the +4 robe of Augmentation {Str+4 Int+4 Dex+4}
 16228 | D:10     | Noticed a two-headed ogre
 16242 | D:10     | Killed a two-headed ogre
 16261 | D:10     | Killed an angel
 16359 | D:10     | Reached XP level 12. HP: 62/62 MP: 9/18
 16379 | D:10     | Found a staircase to the Lair.
 16394 | D:10     | Noticed Grum
 16397 | D:10     | Killed Grum
 16687 | D:10     | Noticed a two-headed ogre
 16690 | D:10     | Killed a two-headed ogre
 16759 | D:10     | Reached skill level 15 in Ranged Weapons
 17025 | D:9      | Became a worshipper of Dithmenos the Shadowed
 17285 | D:6      | Killed nshep25's ghost
 17309 | D:6      | Killed a two-headed ogre
 17578 | D:7      | Reached skill level 5 in Evocations
 17986 | D:7      | Killed TheGhostDragon952's ghost
 18157 | D:7      | Identified the +0 helmet of Catatonia {rPois rC+ Int-3}
 18373 | D:11     | Reached * piety under Dithmenos
 18661 | D:11     | Reached ** piety under Dithmenos
 18820 | D:11     | Found a staircase to the Orcish Mines.
 18852 | D:11     | Found Demodic's Weapon Shop.
 18857 | D:11     | Noticed a two-headed ogre
 18858 | D:11     | Noticed Psyche
 18860 | D:11     | Killed a two-headed ogre
 18862 | D:11     | Killed Psyche
 19257 | D:11     | Found an ancient bone altar of Kikubaaqudgha.
 19347 | Lair:1   | Entered Level 1 of the Lair of Beasts
 19390 | Lair:1   | Identified a scroll of acquirement
 19653 | Lair:1   | Reached skill level 16 in Ranged Weapons
 20014 | Lair:1   | Reached XP level 13. HP: 68/68 MP: 11/20
 20160 | Lair:1   | Reached skill level 1 in Invocations
 20172 | Lair:1   | Noticed Maggie
 20178 | Lair:1   | Killed Maggie
 20425 | Lair:2   | Found a staircase to the Snake Pit.
 20436 | Lair:2   | Reached *** piety under Dithmenos
 20658 | Lair:2   | Identified the +0 ring mail of the Wilderness {rF++ rC-
                  | Str+4 Dex+3}
 21011 | Lair:2   | Found a staircase to the Swamp.
 21248 | Lair:3   | Found a transporter.
 21268 | Lair:3   | Found a one-way gate to the infinite horrors of the Abyss.
 21268 | Lair:3   | Noticed turdburglar's ghost (journeyman TrGl)
 21439 | Lair:3   | Noticed Kirke
 21489 | Lair:3   | Killed Kirke
 21610 | Lair:3   | Reached skill level 15 in Stealth
 21785 | Lair:3   | Noticed a fire dragon
 21805 | Lair:3   | Killed a fire dragon
 21997 | Lair:3   | Found a transporter.
 22240 | Lair:4   | Reached **** piety under Dithmenos
 22572 | Lair:4   | You fall into a shaft and drop 1 floor!
 22572 | Lair:5   | Entered Level 5 of the Lair of Beasts
 23045 | Lair:5   | Reached skill level 17 in Ranged Weapons
 23250 | Lair:5   | Reached XP level 14. HP: 41/74 MP: 12/21
 23611 | Lair:5   | Reached ***** piety under Dithmenos
 24074 | Lair:5   | Found a viscous altar of Jiyva.
 24074 | Lair:5   | Found a staircase to the Slime Pits.
 24526 | Lair:5   | Reached skill level 5 in Invocations
 24805 | Lair:5   | Killed from afar by a fire dragon

Illustrated notes

Levels and vault maps discovered:
D:1:      minmay_arrival_up_and_down, layout_loops_ring, minmay_distorted
D:2:      layout_rooms, kennysheep_cluttered_room, uniq_jessica
D:3:      layout_basic, cheibrodos_sewer_entry_sluice
D:4:      layout_cave_pods, grunt_tough_drop, uniq_edmund
D:5:      cheibrodos_fzero, layout_rooms, nicolae_elyvilon_peaceful_grove,
          general_overflow_altar, minmay_temple_entry_mist,
          gammafunk_ghost_cemetery, serial_rivers, chequers_serial_rivers_marsh,
          chequers_serial_rivers_micro_e, chequers_serial_rivers_large_a,
          chequers_serial_rivers_small_b, chequers_serial_rivers_micro_d,
          chequers_serial_rivers_small_a, grunt_decor_junction,
          amcnicky_mini_rare_corridor_liquid, supply_closet_lemuel
D:6:      layout_basic, mainiacjoe_overflow_alcove_2, gammafunk_ghost_smash,
          minmay_lizard_king
D:7:      layout_basic, gammafunk_ghost_berserking_beasts, serial_shops,
          nicolae_stop_n_shop_1, chequers_ossuary_entry_cave
D:8:      layout_rooms, serial_shops, shop_coins, enter_bailey_2,
          minmay_fractal_squares_gapless_5
D:9:      layout_cave_pools, nicolae_overflow_hidden_temple
D:10:     layout_layer_cave, grunt_temple_overflow_order_and_chaos_1,
          erik_lair_orcish_takeover, serial_shops, nicolae_shop_stone,
          uniq_grum, uniq_snorg
D:11:     layout_rooms, zombieorc2_lemuel, serial_shops,
          nicolae_shop_bloodbath_and_beyond, kiku_gazebo_pond_becter,
          uniq_psyche
Temple:   nicolae_temple_bog_church
Lair:1:   layout_misc_corridors, uniq_maggie
Lair:2:   layout_gridlike, swamp_mist_pool, dummy_snake_entry
Lair:3:   dragon1_lemuel, layout_gridlike, gammafunk_ghost_abyssal_escape,
          uniq_kirke
Lair:4:   layout_misc_corridors, eino_small_chamber_without_monster
Lair:5:   hangedman_lair_caniforms_friends, layout_hall_layers,
          guppyfry_lair_end_dragon, dpeg_slime_entry_enclosed, minivault_19,
          uniq_rupert

Skill      XL: |  1  2  3  4  5  6  7  8  9 10 11 12 13 14 |
---------------+-------------------------------------------+-----
Stealth        | 1 2 3 4 5 6 8 10 11 12 14 15 16 | 16.2
Fighting       | 1 2 3 4 5 6 8 9 |  9.1
Hexes          | 4 |  4.0
Ranged Weapons | 3 4 5 6 8 10 14 16 17 | 17.5
Fire Magic     | 1 2 |  2.5
Spellcasting   | 3 4 |  4.0
Evocations     | 3 7 9 |  9.8
Invocations    | 4 5 |  5.0
Dodging        | |  2.6

Action                   |  1- 3 |  4- 6 |  7- 9 | 10-12 | 13-15 || total
-------------------------+-------+-------+-------+-------+-------++-------
Melee: Arbalest          |       |       |       |    10 |       ||    10
 Fire: Sling             |   130 |   290 |   157 |       |       ||   577
       Shortbow          |       |       |   314 |   349 |       ||   663
       Arbalest          |       |       |       |   397 |   436 ||   833
 Cast: Slow              |     1 |     5 |    31 |    50 |     2 ||    89
       Inner Flame       |       |       |     3 |       |       ||     3
  Use: Scroll            |       |     2 |    13 |     8 |     2 ||    25
       Potion            |       |       |       |     1 |       ||     1
Armor: Robe              |    11 |    16 |     8 |    19 |    19 ||    73
Dodge: Dodged            |    51 |    95 |   114 |   178 |   143 ||   581
